 Dungeon Crawl Stone Soup version 0.29.1-15-g9cfb28693d (webtiles) character file.

Game seed: 6971821313199031842

1281 protoss039 the Trooper (level 8, -2/61 HPs)
             Began as a Demonspawn Earth Elementalist on Mar 25, 2023.
             Slain by a lemure (7 damage)
             ... led by Pikel
             ... on level 6 of the Dungeon.
             The game lasted 00:07:42 (5833 turns).

protoss039 the Trooper (DsEE)                       Turns: 5833, Time: 00:07:42

Health: -2/61      AC:  4    Str:  9    XL:     8   Next: 29%
Magic:  5/22       EV: 16    Int: 15    God:
Gold:   149        SH:  0    Dex: 14    Spells: 8/14 levels left

rFire   + . .      SeeInvis .   a - +3 quarterstaff
rCold   + . .      Faith    .   (shield currently unavailable)
rNeg    . . .      Spirit   .   m - +2 robe of Temavvu {Drain Will+++ Regen+ Int-3}
rPois   .          Reflect  .   (helmet restricted)
rElec   .          Harm     .   s - scarf {rC+ rF+}
rCorr   .          Rampage  .   (no gloves)
Will    +++..                   (no boots)
Stlth   ++........              (no amulet)
HPRegen 1.00/turn               b - ring of magical power
MPRegen 0.18/turn               (no ring)

@: no status effects
A: horns 1, repulsion field 2, ignite blood 1, powered by death 1
a: no special abilities


You were on level 6 of the Dungeon.
You visited 1 branch of the dungeon, and saw 6 of its levels.

You collected 149 gold pieces.

Inventory:

Hand Weapons
 a - a +3 quarterstaff (weapon)
 w - a +0 dagger of venom
Armour
 m - the +2 robe of Temavvu (worn) {Drain Will+++ Regen+ Int-3}
   (You found it on level 3 of the Dungeon)

   Int:       It affects your intelligence (-3).
   Regen:     It increases your rate of health regeneration.
   Drain:     It drains your maximum health when unequipped.
   Will:      It greatly increases your willpower.
 s - a scarf of resistance (worn)
Magical Staves
 n - a staff of poison
Jewellery
 b - a ring of magical power (left hand)
Wands
 q - a wand of roots (15)
Scrolls
 d - 2 scrolls of identify
 g - 4 scrolls of teleportation
 k - a scroll of enchant armour {unknown}
 p - a scroll of poison {unknown}
 t - a scroll of amnesia {unknown}
 u - a scroll of blinking {unknown}
Potions
 c - 2 potions of flight
 e - a potion of attraction {unknown}
 f - 3 potions of curing
 h - a potion of haste {unknown}
 i - a potion of resistance {unknown}
 j - 2 potions of invisibility {unknown}
 l - a potion of heal wounds {unknown}
 o - a potion of ambrosia {unknown}
 r - a potion of mutation {unknown}
 v - a potion of might


   Skills:
 * Level 4.7 Fighting
 * Level 4.2 Armour
 - Level 3.0 Dodging
 - Level 3.0 Stealth
 + Level 3.8 Spellcasting
 + Level 2.8 Conjurations
 - Level 0.8 Transmutations
 + Level 4.4 Earth Magic


You had 8 spell levels left.
You knew the following spells:

 Your Spells              Type           Power      Damage    Failure   Level
a - Sandblast             Erth           32%        2d9       3%          1
b - Passwall              Tmut/Erth      8%         N/A       10%         2
c - Stone Arrow           Conj/Erth      26%        3d8       12%         3

Your spell library contained the following spells:

 Spells                   Type           Power      Damage    Failure   Level
 Freeze                   Ice            8%         1d3       19%         1
 Frozen Ramparts          Ice            4%         1d1       50%         3
 Petrify                  Tmut/Erth      10%        N/A       52%         4
 Hailstorm                Conj/Ice       7%         3d4       71%         4
 Anguish                  Hex/Necr       1%         N/A       88%         4
 Enfeeble                 Hex            1%         N/A       100%        7


Dungeon Overview and Level Annotations

Branches:
Dungeon (6/15) Zot: 26910
 Temple: D:4-7

Altars:

Shops:
D:4 (

Annotations:
D:4 2 transporters, NimIero's ghost, amateur DrCj
D:6 Pikel


Innate Abilities, Weirdness & Mutations

You have a pair of small horns on your head.
You are surrounded by a moderate repulsion field. (EV +3)
Your demonic aura sometimes causes spilled blood to erupt in flames.
You regenerate a little health from kills.


Message History

Press: ? - help, Shift-Dir - straight line, f/p - lemure
Aim: a lemure (severely wounded, 77% to hit)
The blast of sand hits the lemure!
You kill the lemure!
That felt strangely unrewarding.
The lemure hits you!
Pikel hits you with a +0 whip of electrocution.
You are electrocuted!
* * * LOW HITPOINT WARNING * * *
The lemure barely misses you.
Unknown command.
Casting: Sandblast (safe; 3% risk of failure)
Confirm with . or Enter, or press ? or * to list all spells.
Aiming: Stone Arrow (dangerous; 12% risk of failure)
Press: ? - help, Shift-Dir - straight line, f - Pikel
Aim: Pikel, wielding a +0 whip of electrocution and wearing a +0 robe (heavily wounded, 60% to hit)
The stone arrow hits Pikel.
Pikel is heavily wounded.
The lemure closely misses you. Pikel closely misses you. The lemure hits you.
* * * LOW HITPOINT WARNING * * *
Unknown command.
Casting: Stone Arrow (dangerous; 12% risk of failure)
Confirm with . or Enter, or press ? or * to list all spells.
Aiming: Stone Arrow (dangerous; 12% risk of failure)
Press: ? - help, Shift-Dir - straight line, f/p - Pikel
Aim: Pikel, wielding a +0 whip of electrocution and wearing a +0 robe (heavily wounded, 60% to hit)
The stone arrow hits Pikel.
Pikel is severely wounded.
The lemure barely misses you. The lemure hits you but does no damage.
Pikel completely misses you.
Unknown command.
Casting: Stone Arrow (dangerous; 12% risk of failure)
Confirm with . or Enter, or press ? or * to list all spells.
Aiming: Stone Arrow (dangerous; 12% risk of failure)
Press: ? - help, Shift-Dir - straight line, f/p - Pikel
Aim: Pikel, wielding a +0 whip of electrocution and wearing a +0 robe (severely wounded, 60% to hit)
The stone arrow misses Pikel.
The lemure closely misses you.
Pikel hits you with a +0 whip of electrocution!
* * * LOW HITPOINT WARNING * * *
The lemure hits you!
You die...

...............
...............
..............# ...
........>.... ...
............ #.#
#.......... #.#
###..5K......
####.###....@.......
####....#......○5.##...
##...........#####.#
...#..#....### .#
..#..#)..### #
#...#...## #..#..#.#
..#..#..# ....#...#


You could see Pikel and 2 lemures.

Vanquished Creatures
  Prince Ribbit (D:6)
  A water moccasin (D:5)
  A black bear (D:4)
  An ogre (D:4)
  2 lemures (D:6)
  Blork the orc (D:5)
  A necrophage (D:5)
  2 scorpions
  5 orc priests
  2 hounds
  2 iguanas
  Natasha (thrice) (D:3)
  2 gnolls (D:1)
  9 adders
  2 shadow imps
  A white imp (D:5)
  2 worms
  3 dart slugs
  18 orcs
  5 endoplasms
  2 giant cockroaches
  10 goblins
  8 hobgoblins
  4 jackals (D:3)
  3 quokkas (D:1)
  8 ball pythons
  5 bats (D:1)
  6 frilled lizards
  7 kobolds
  5 rats
122 creatures vanquished.

Notes
Turn   | Place    | Note
-------+----------+-------------------------------------------
     0 | D:1      | protoss039 the Demonspawn Earth Elementalist began the
                  | quest for the Orb.
     0 | D:1      | Reached XP level 1. HP: 13/13 MP: 3/3
   456 | D:1      | Reached skill level 1 in Fighting
   456 | D:1      | Gained mutation: You are surrounded by a mild repulsion
                  | field. (EV +2) [demonic ancestry]
   456 | D:1      | Reached XP level 2. HP: 10/21 MP: 1/5
   721 | D:1      | Gained mutation: Your demonic aura sometimes causes spilled
                  | blood to erupt in flames. [demonic ancestry]
   721 | D:1      | Reached XP level 3. HP: 21/26 MP: 0/6
   930 | D:1      | Reached skill level 1 in Armour
  1294 | D:1      | Learned a level 2 spell: Passwall
  1624 | D:2      | Reached XP level 4. HP: 25/32 MP: 5/7
  2568 | D:2      | Learned a level 3 spell: Stone Arrow
  2569 | D:3      | Noticed Natasha
  2573 | D:3      | Killed Natasha
  2841 | D:3      | Identified the +2 robe of Temavvu {Drain Will+++ Regen+
                  | Int-3}
  2877 | D:3      | Found a faded altar of an unknown god.
  2913 | D:3      | Gained mutation: You regenerate a little health from kills.
                  | [demonic ancestry]
  2913 | D:3      | Reached XP level 5. HP: 38/38 MP: 7/9
  3108 | D:3      | Noticed Natasha
  3113 | D:3      | Killed Natasha
  3416 | D:3      | Noticed Natasha
  3428 | D:3      | Killed Natasha
  3429 | D:3      | Reached skill level 1 in Conjurations
  3429 | D:3      | Gained mutation: You have a pair of small horns on your
                  | head. [demonic ancestry]
  3429 | D:3      | Reached XP level 6. HP: 44/46 MP: 4/10
  3685 | D:4      | Gained mutation: You are surrounded by a moderate repulsion
                  | field. (EV +3) [demonic ancestry]
  3685 | D:4      | Reached XP level 7. HP: 31/52 MP: 6/11
  3922 | D:4      | Found a transporter.
  3922 | D:4      | Noticed NimIero's ghost (amateur DrCj)
  3925 | D:4      | Found a transporter.
  4121 | D:4      | Found Geasohai's Antique Weapon Shoppe.
  4553 | D:5      | Entered Level 5 of the Dungeon
  4582 | D:5      | Noticed Blork the orc
  4588 | D:5      | Killed Blork the orc
  5527 | D:5      | Reached XP level 8. HP: 35/61 MP: 11/13
  5747 | D:6      | Noticed Prince Ribbit
  5750 | D:6      | Killed Prince Ribbit
  5821 | D:6      | Noticed Pikel
  5833 | D:6      | Slain by a lemure

Illustrated notes

Levels and vault maps discovered:
D:1:      lightli_arrival_noodles, layout_rooms, chequers_jeans,
          minmay_pentomino_r2
D:2:      layout_loops_corners, grunt_ministairs_10, st_stairs_1
D:3:      layout_rooms, shapermc_ecumenical_altar_petra, uniq_natasha
D:4:      layout_basic, serial_shops, shop, gammafunk_ghost_arena
D:5:      layout_basic, kennysheep_potato, uniq_blork_the_orc
D:6:      layout_rooms, minmay_misc_feat_diagonals, uniq_maggie,
          uniq_prince_ribbit1, uniq_sigmund, uniq_crazy_yiuf_cottage,
          uniq_pikel, uniq_eustachio

Skill      XL: |  1  2  3  4  5  6  7 |
---------------+----------------------+-----
Fighting       | 1 2 3 4 |  4.7
Earth Magic    | 3 4 |  4.4
Armour         | 1 2 4 |  4.2
Stealth        | 2 3 |  3.0
Dodging        | 2 3 |  3.0
Conjurations   | 1 2 |  2.8
Spellcasting   | 3 |  3.8
Transmutations | |  0.8

Action                   |  1- 3 |  4- 6 |  7- 9 || total
-------------------------+-------+-------+-------++-------
Melee: Unarmed           |    18 |       |       ||    18
       Dagger            |     1 |       |       ||     1
       Quarterstaff      |    52 |    46 |    37 ||   135
       Headbutt          |       |     5 |     8 ||    13
 Cast: Sandblast         |    35 |    62 |    54 ||   151
       Stone Arrow       |       |     1 |    21 ||    22
Evoke: Wand              |       |       |     1 ||     1
  Use: Scroll            |       |     2 |     3 ||     5
       Potion            |       |       |     1 ||     1
 Stab: Sleeping          |     1 |       |     2 ||     3
Armor: Robe              |     5 |    16 |    20 ||    41
       Ring mail         |    32 |     4 |       ||    36
Dodge: Dodged            |    59 |    73 |    88 ||   220
